 Dungeon Crawl Stone Soup version 0.29.0-11-gd7f09526c8 (webtiles) character file.

Game seed: 14451583689759826599

3 yppahwax the Thaumaturge (level 1, 3/19 HPs)
             Began as a Gnoll Wanderer on Sept 2, 2022.
             Quit the game on level 1 of the Dungeon.
             The game lasted 00:04:30 (81 turns).

yppahwax the Thaumaturge (Gnoll Wanderer)             Turns: 81, Time: 00:04:31

Health: 3/19       AC: 20    Str:  8    XL:     1   Next: 50%
Magic:  10/10      EV:  2    Int: 13    God:
Gold:   13         SH:  0    Dex: 12    Spells: 18/18 levels left

rFire   . . .      SeeInvis .   a - +0 dagger
rCold   . . .      Faith    .   (no shield)
rNeg    . . .      Spirit   .   (body armour currently unavailable)
rPois   +          Reflect  .   (helmet currently unavailable)
rElec   .          Harm     .   (cloak currently unavailable)
rCorr   .          Rampage  .   (gloves currently unavailable)
Will    .....      NoTele   +   (boots currently unavailable)
Stlth   +.........              (no amulet)
HPRegen 0.06/turn               (no ring)
MPRegen 0.12/turn               (no ring)

@: tree-form
A: stationary, stasis, torment immunity, boosted hp, (fangs 1), strong nose,
distributed training
a: no special abilities


You were on level 1 of the Dungeon.
You were a tree.
You visited 1 branch of the dungeon, and saw 1 of its levels.

You collected 13 gold pieces.

Inventory:

Hand Weapons
 a - a +0 dagger (weapon)
 f - a +0 dagger
Missiles
 b - 8 boomerangs (quivered)
Armour
 d - a +0 robe (melded)
Scrolls
 e - 2 scrolls of identify {unknown}


   Skills:
 + Level 0.0 Fighting
 + Level 0.0 Short Blades
 + Level 0.0 Long Blades
 + Level 0.0 Axes
 + Level 0.0 Maces & Flails
 + Level 0.0 Polearms
 + Level 0.0 Staves
 + Level 0.0 Ranged Weapons
 + Level 6.4 Throwing
 + Level 2.3 Armour
 + Level 0.0 Dodging
 + Level 0.0 Stealth
 + Level 0.0 Shields
 + Level 0.0 Unarmed Combat
 + Level 9.2 Spellcasting
 + Level 0.0 Conjurations
 + Level 0.0 Hexes
 + Level 0.0 Summonings
 + Level 0.0 Necromancy
 + Level 0.0 Translocations
 + Level 1.9 Transmutations
 + Level 0.0 Fire Magic
 + Level 0.0 Ice Magic
 + Level 0.0 Air Magic
 + Level 0.0 Earth Magic
 + Level 0.0 Poison Magic
 + Level 0.1 Invocations
 + Level 0.0 Evocations


You had 18 spell levels left.
You didn't know any spells.
Your spell library contained the following spells:

 Spells                   Type           Power      Damage    Failure   Level
 Beastly Appendage        Tmut           22%        N/A       5%          1
 Summon Small Mammal      Summ           24%        N/A       12%         1
 Searing Ray              Conj           12%        2d4       19%         2
 Ignite Poison            Fire/Tmut/Pois 7%         N/A       26%         3
 Ozocubu's Armour         Ice            6%         N/A       34%         3
 Portal Projectile        Hex/Tloc       12%        N/A       34%         3


Dungeon Overview and Level Annotations

Branches:
Dungeon (1/15)

Altars:


Innate Abilities, Weirdness & Mutations

You are a tree.
Your roots penetrate the ground, keeping you stationary.
You cannot be teleported.
You are immune to unholy pain and torment.
Your maximum health is greatly increased.
Your equipment is partially melded.
((You have very sharp teeth.))
Your uncanny sense of smell can sniff out nearby items.
Your experience applies equally to all skills.


Message History

Your roots penetrate the ground.
The hobgoblin hits you but does no damage.
You hit the hobgoblin but do no damage.
The hobgoblin is lightly wounded.
The hobgoblin hits you but does no damage.
You hit the hobgoblin but do no damage.
The hobgoblin is lightly wounded.
The hobgoblin hits you but does no damage.
You hit the hobgoblin.
The hobgoblin is almost dead.
The hobgoblin hits you but does no damage.
You hit the hobgoblin but do no damage.
The hobgoblin is almost dead.
The hobgoblin hits you but does no damage.
You completely miss the hobgoblin.
The hobgoblin is almost dead.
The hobgoblin hits you but does no damage.
You hit the hobgoblin but do no damage.
The hobgoblin is almost dead.
The hobgoblin hits you but does no damage.
A frilled lizard comes into view.
The frilled lizard hisses angrily.
You hit the hobgoblin.
You kill the hobgoblin!
You cannot move.
You cannot move.
You cannot move.
You cannot move.
You cannot move.
You cannot move.
You cannot move.
You cannot move.
You cannot move.
You cannot move.
You cannot move.
You cannot move.
You cannot move.
You cannot move.
You cannot move.
Are you sure you want to abandon this character and quit the game? (Confirm with "yes".)

∆ ###..####....#
#............# ##
#...###......# #. #g..#
#......# ∆# ##.. .|.#
#......# .# ... ..#
#.....####.# #.####.#
####.......#
.####......######.......#
$........l.....♣†.......#
######.#########.......#
###..# #.......#
#########.### #.......#
....#####...# #..........
.#####...##.# ###...#.###
.###.....##.# #...#.#
#........##.# ##### #
#.........###


You could see a frilled lizard.

Vanquished Creatures
  A goblin (D:1)
  A hobgoblin (D:1)
  A bat (D:1)
3 creatures vanquished.

Notes
Turn   | Place    | Note
-------+----------+-------------------------------------------
     0 | D:1      | Reached skill level 9 in Spellcasting
     0 | D:1      | yppahwax the Gnoll Wanderer began the quest for the Orb.
     0 | D:1      | yppahwax set off with the following items: a +0 dagger, 8
                  | boomerangs, a potion of lignification, a +0 robe; and the
                  | following spells available to memorise: Beastly Appendage,
                  | Summon Small Mammal, Searing Ray, Ignite Poison, Ozocubu's
                  | Armour, Portal Projectile.
     0 | D:1      | Reached XP level 1. HP: 13/13 MP: 10/10
    81 | D:1      | Quit the game

Illustrated notes

Levels and vault maps discovered:
D:1:      spicycebolla_green_bress_n_ham, layout_basic,
          shapermc_ecumenical_altar_ellora

Skill      XL: | |
---------------+-+-----
Spellcasting   | |  9.2
Throwing       | |  6.4
Armour         | |  2.3
Transmutations | |  1.9
Invocations    | |  0.1

Action                   || total
-------------------------++-------
Melee: Dagger            ||    20
       Bite              ||     1
  Use: Scroll            ||     1
       Potion            ||     1
Armor: Skin              ||     7
       Robe              ||     1
Dodge: Dodged            ||     5
